 Dungeon Crawl Stone Soup version 0.30.1-3-gfc49f6343a (webtiles) character file.

Game seed: 7142645977797798124

33765 MiracleSuffusion the Warrior (level 13, -9/139 HPs)
             Began as a Minotaur Berserker on July 17, 2023.
             Was a Priest of Trog.
             Shot with an arrow by Nessos (12 damage)
             ... on level 12 of the Dungeon on July 18, 2023.
             The game lasted 01:46:59 (14704 turns).

MiracleSuffusion the Warrior (Minotaur Berserker)  Turns: 14704, Time: 01:47:06

Health: -9/139     AC: 17    Str: 26    XL:     13   Next: 38%
Magic:  12/12      EV:  7    Int:  4    God:    Trog [***...]
Gold:   868        SH:  0    Dex: 11    Spells: 12/12 levels left

rFire   . . .        h - +10 morningstar "Eos" {elec, Halo rElec}
rCold   + . .        (no shield)
rNeg    . . .        T - +1 plate armour "Jigogu" {rC+}
rPois   .            (helmet restricted)
rElec   +            (no cloak)
rCorr   .            y - +0 pair of gloves
SInv    .            (no boots)
Will    +....        (no amulet) Stlth
                     g - +4 ring of protection
HPRegen 0.43/turn    C - ring of willpower
MPRegen 0.13/turn

%: no passive effects
@: lethally poisoned (-9 -> -26), on berserk cooldown, slowed, glowing, very
slow
A: horns 2, retaliatory headbutt
a: Renounce Religion, Berserk, Trog's Hand


You were on level 12 of the Dungeon.
You worshipped Trog.
Trog was most pleased with you.
You visited 1 branch of the dungeon, and saw 12 of its levels.

You collected 868 gold pieces.

Inventory:

Hand Weapons
 h - the +10 morningstar "Eos" (weapon) {elec, Halo rElec}
   (You found it on level 2 of the Dungeon)

   Halo:      It grants its wielder a halo, revealing invisible creatures and
   increasing accuracy against all within it other than the wielder.
   rElec:     It insulates you from electricity.
 p - a +5 morningstar of freezing
Missiles
 D - 59 stones (quivered)
 U - a throwing net
Armour
 y - a +0 pair of gloves (worn)
 T - the +1 plate armour "Jigogu" (worn) {rC+}
   (You found it on level 11 of the Dungeon)

   rC:        It protects you from cold.
Jewellery
 g - a +4 ring of protection (left hand)
 k - a ring of magical power
 z - a ring of ice
 C - a ring of willpower (right hand)
 H - a +6 ring of dexterity
 K - a ring of protection from cold
 R - a +5 ring of evasion
Wands
 o - a wand of roots (15)
 s - a wand of flame (37)
 w - a wand of mindburst (8)
 P - a wand of polymorph (5)
Scrolls
 a - a scroll of acquirement {unknown}
 c - a scroll of enchant armour
 d - 7 scrolls of identify
 f - a scroll of immolation
 q - 5 scrolls of teleportation
 r - a scroll of noise
 t - 2 scrolls of enchant weapon
 u - a scroll of magic mapping
 V - a scroll of silence
Potions
 b - a potion of resistance {unknown}
 e - 3 potions of curing
 j - a potion of flight
 l - 3 potions of mutation
 v - 2 potions of might
 A - 2 potions of lignification
 B - 2 potions of invisibility
 E - a potion of haste
 J - a potion of cancellation


   Skills:
 * Level 19.8 Fighting
 - Level 18.0 Maces & Flails
 - Level 2.4 Armour
 - Level 2.1 Dodging
 - Level 1.0 Stealth


You had 12 spell levels left.
You didn't know any spells.
Your spell library was empty.

Dungeon Overview and Level Annotations

Branches:
Dungeon (12/15)            Temple (0/1) D:7            Lair (0/5) D:10
    Orc (0/2) D:11

Altars:
Dithmenos
Gozag
Hepliaklqana
Kikubaaqudgha
Makhleb
Nemelex Xobeh
Ru
Sif Muna
Uskayaw
Wu Jian
Yredelemnul
The Shining One

Shops:
D:2 =   D:10 [[(*(

Annotations:
D:12 Nessos


Innate Abilities, Weirdness & Mutations

You have a pair of horns on your head.
You reflexively headbutt those who attack you in melee.


Message History

* * * LOW HITPOINT WARNING * * *
The arrow burns you.
You are more poisoned.
* * * LOW HITPOINT WARNING * * *
Blink to where?
Press: ? - help, Dir - move target You can't see that place. [a stone staircase leading up.]
Okay, then.
You feel much better.
* * * LOW HITPOINT WARNING * * *
You feel extremely sick.
Nessos shoots an arrow.
The arrow closely misses you.
Nessos unwields a +2 longbow of flaming.
It stops flaming.
Nessos hits you but does no damage. Nessos kicks you but does no damage.
Blink to where?
Press: ? - help, Dir - move target
As you read the scroll of blinking, it crumbles to dust.
* * * LOW HITPOINT WARNING * * *
You feel extremely sick. Nessos closely misses you.
Nessos kicks you but does no damage. Nessos hits you but does no damage.
Nessos kicks you but does no damage.
Okay, then.
Okay, then.
You feel better. Nessos hits you but does no damage.
Nessos kicks you but does no damage. Nessos hits you.
* * * LOW HITPOINT WARNING * * *
Nessos kicks you but does no damage. Nessos hits you but does no damage.
Nessos kicks you but does no damage.
Nessos mumbles some strange words.
Nessos blinks!
Nessos wields a +2 longbow of flaming.
It bursts into flame!
Nessos shoots an arrow.
The arrow hits you!
* * * LOW HITPOINT WARNING * * *
The arrow burns you!
You are lethally poisoned!
* * * LOW HITPOINT WARNING * * *
Nessos shoots an arrow.
The arrow hits you!
You die...

######..########.######..#
#...........# #..#
#...........######.##
##.#####...c.......# #.#
#..<)######## #.# ###..#
#.# #..# #.# #).# #.#
#@ยง####### .. #........#
#.######)# #.# #.# .># #.#
#### #.# ####.# #....#
#O####


You could see Nessos (fast).

Vanquished Creatures
  Gastronok (D:11)
  A sphinx (D:12)
  Snorg (D:10)
  Josephine (D:11)
  Fannar (D:11)
  3 two-headed ogres
  A boulder beetle (D:10)
  2 tengu warriors (D:12)
  Nergalle (D:11)
  3 skeletal warriors (D:11)
  Pikel (D:7)
  A cyclops (D:11)
  A manticore (D:11)
  Maurice (D:11)
  4 gargoyles
  A kobold demonologist (D:10)
  Maggie (D:7)
  5 trolls
  Sigmund (D:3)
  A shadow (D:10)
  7 wraiths
  A wyvern (D:8)
  4 steam dragons
  20 yaks
  Grum (D:8)
  A basilisk (D:11)
  Duvessa (D:7)
  3 acid dragons
  2 water moccasins
  2 orc warriors
  2 black bears
  6 sky beasts
  10 centaurs
  3 wolves (D:8)
  An ogre (D:5)
  2 phantoms (D:5)
  A kobold brigand (D:10)
  2 bullfrogs
  5 scorpions
  3 gnoll sergeants
  14 wights
  Dowan (D:7)
  12 killer bees
  An electric eel (D:7)
  3 howler monkeys
  2 hounds (D:6)
  An orc priest (D:7)
  4 jellies
  Crazy Yiuf (D:2)
  2 gnoll boudas
  8 orc wizards
  2 sleepcaps
  4 iguanas
  20 gnolls
  7 adders
  2 river rats (D:5)
  A shadow imp (D:6)
  A white imp (D:6)
  2 ufetubi
  A worm (D:5)
  24 orcs
  9 ball pythons
  13 bats
  10 endoplasms
  6 giant cockroaches
  9 goblins
  2 hobgoblins
  9 jackals
  15 kobolds
  4 quokkas
  A frilled lizard (D:1)
  4 rats
304 creatures vanquished.

Notes
Turn   | Place    | Note
-------+----------+-------------------------------------------
     0 | D:1      | MiracleSuffusion the Minotaur Berserker began the quest for
                  | the Orb.
     0 | D:1      | Reached XP level 1. HP: 19/19 MP: 0/0
    25 | D:1      | Reached XP level 2. HP: 26/26 MP: 1/1
   407 | D:1      | Reached skill level 5 in Maces & Flails
   407 | D:1      | Reached XP level 3. HP: 24/31 MP: 2/2
   517 | D:1      | Reached ** piety under Trog
  1071 | D:2      | Found the +10 morningstar "Eos" {elec, Halo rElec}
  1074 | D:2      | Found a runed translucent door.
  1077 | D:2      | Noticed Crazy Yiuf
  1137 | D:2      | Killed Crazy Yiuf
  1138 | D:2      | Reached XP level 4. HP: 31/39 MP: 3/3
  1330 | D:2      | Found Duyph's Jewellery Emporium.
  1666 | D:3      | Identified the +9 spear "Dalet" {freeze, rC+ Stlth+}
  1763 | D:3      | Noticed Sigmund
  1767 | D:3      | Killed Sigmund
  1768 | D:3      | Reached XP level 5. HP: 40/45 MP: 4/4
  1973 | D:3      | Reached XP level 6. HP: 49/51 MP: 5/5
  2162 | D:3      | Found a glowing golden altar of the Shining One.
  2526 | D:4      | Reached skill level 1 in Stealth
  2706 | D:4      | Reached *** piety under Trog
  2831 | D:4      | Reached XP level 7. HP: 50/57 MP: 6/6
  3007 | D:4      | Reached skill level 10 in Maces & Flails
  3417 | D:5      | Entered Level 5 of the Dungeon
  3829 | D:5      | HP: 2/85 [ogre/+0 giant club (26)]
  3831 | D:5      | Reached XP level 8. HP: 3/64 MP: 7/7
  4664 | D:6      | Reached **** piety under Trog
  4855 | D:6      | Found a shadowy altar of Dithmenos.
  5218 | D:6      | Found a sparkling altar of Nemelex Xobeh.
  5478 | D:6      | Reached XP level 9. HP: 33/70 MP: 8/8
  5667 | D:7      | Noticed Pikel
  5671 | D:7      | Killed Pikel
  5686 | D:7      | Reached skill level 15 in Maces & Flails
  5743 | D:7      | Found a hazy altar of Hepliaklqana.
  5977 | D:7      | Noticed Maggie
  5991 | D:7      | Killed Maggie
  6125 | D:7      | Found a staircase to the Ecumenical Temple.
  6275 | D:7      | Noticed Duvessa
  6281 | D:7      | Killed Duvessa
  6282 | D:7      | Noticed Dowan
  6286 | D:7      | Killed Dowan
  6609 | D:7      | Found a hide-covered altar of Uskayaw.
  6610 | D:7      | Found an ornate altar of the Wu Jian Council.
  6707 | D:8      | Upgraded the game from 0.30.1-1-g62c8e00024 to
                  | 0.30.1-3-gfc49f6343a
  7023 | D:8      | Noticed Grum
  7045 | D:8      | Killed Grum
  7152 | D:8      | Reached XP level 10. HP: 75/77 MP: 9/9
  7314 | D:8      | Found a burning altar of Makhleb.
  7658 | D:8      | Found an opulent altar of Gozag.
  7757 | D:8      | Found an ancient bone altar of Kikubaaqudgha.
  7821 | D:8      | Found a basalt altar of Yredelemnul.
  7822 | D:8      | Found a sacrificial altar of Ru.
  8092 | D:8      | Reached skill level 4 in Fighting
  8144 | D:9      | Reached skill level 5 in Fighting
  8176 | D:9      | Identified the +10 sling "Netohot" {flame, Int+4}
  8299 | D:9      | Found a shimmering blue altar of Sif Muna.
  8488 | D:8      | Reached skill level 6 in Fighting
  8527 | D:8      | Reached skill level 7 in Fighting
  8694 | D:9      | Reached skill level 8 in Fighting
  9057 | D:9      | Reached skill level 9 in Fighting
  9156 | D:9      | Identified the +6 scale mail of the Harvest {rC+ Str+2}
  9318 | D:8      | Reached XP level 11. HP: 37/97 MP: 10/10
  9721 | D:9      | Reached skill level 10 in Fighting
 10073 | D:9      | Noticed a two-headed ogre
 10081 | D:9      | Killed a two-headed ogre
 10082 | D:9      | Reached skill level 11 in Fighting
 10686 | D:10     | Entered Level 10 of the Dungeon
 10749 | D:10     | Found Vujefo's Antique Armour Emporium.
 10822 | D:10     | Found a staircase to the Lair.
 10885 | D:10     | Noticed a sixfirhy
 11081 | D:9      | Reached skill level 15 in Fighting
 11081 | D:9      | Reached XP level 12. HP: 119/119 MP: 11/11
 11137 | D:10     | Found Qaetur's Antique Armour Emporium.
 11198 | D:10     | Found Ruh Pui's Assorted Antiques.
 11224 | D:10     | Found Pupion's Weapon Boutique.
 11250 | D:10     | Found Minen's Antique Weapon Shop.
 11427 | D:10     | Noticed Snorg
 12016 | D:10     | Reached skill level 16 in Fighting
 12255 | D:10     | Killed Snorg
 12460 | D:11     | Noticed Nergalle
 12466 | D:11     | Killed Nergalle
 12498 | D:11     | Noticed Gastronok
 12771 | D:11     | Noticed a boulder beetle
 12782 | D:10     | Killed a boulder beetle
 12790 | D:11     | Reached skill level 17 in Fighting
 12910 | D:11     | Noticed Fannar
 12918 | D:11     | Killed Fannar
 13016 | D:11     | Found a staircase to the Orcish Mines.
 13111 | D:11     | Noticed Maurice
 13115 | D:11     | Killed Maurice
 13214 | D:11     | Noticed Josephine
 13222 | D:11     | Killed Josephine
 13223 | D:11     | Reached skill level 18 in Fighting
 13231 | D:11     | Reached XP level 13. HP: 132/134 MP: 12/12
 13427 | D:11     | Identified the +1 plate armour "Jigogu" {rC+}
 13672 | D:11     | Killed Gastronok
 13732 | D:11     | Reached skill level 19 in Fighting
 14251 | D:12     | Noticed a sphinx
 14492 | D:12     | Killed a sphinx
 14685 | D:12     | Noticed Nessos
 14704 | D:12     | HP: 3/139 [Nessos/arrow (7)]
 14704 | D:12     | Shot with an arrow by Nessos

Illustrated notes

Levels and vault maps discovered:
D:1:      tarquinn_simple_flora_water_b, layout_loops_ring, minmay_unequal
D:2:      layout_loops_ring, serial_shops, nicolae_shop_gaudy_bauble,
          uniq_crazy_yiuf_cottage
D:3:      layout_basic, tso_altar, uniq_sigmund
D:4:      layout_gridville, grunt_ministairs_5, minmay_surrounded
D:5:      layout_basic, portal_sewer_entry_b, lightli_minifort
D:6:      layout_cave_pods, kennysheep_mini_moat, old_standard_altar
D:7:      layout_basic, mainiacjoe_overflow_small_starburst,
          nicolae_overflow_squiral, temple_fountains, uniq_pikel, uniq_maggie,
          uniq_duvessa
D:8:      layout_basic, bloody_makhleb, amethyst_overflow_temple_binary,
          mainiacjoe_overflow_catwalk_spiral, minmay_starry_boxes, uniq_grum
D:9:      layout_basic, mainiacjoe_overflow_surrounded_room, serial_rivers,
          chequers_serial_rivers_micro_b, chequers_serial_rivers_micro_c,
          chequers_serial_rivers_large_a, chequers_serial_rivers_micro_c,
          chequers_serial_rivers_small_3, hangedman_misty_isle
D:10:     layout_long_grid, dpeg_oklobed_lair, serial_shops,
          nicolae_shop_bloodbath_and_beyond, nicolae_shop_pleasant_corner_grove,
          nicolae_shop_tiny_waterfront, nicolae_shop_dealshenge,
          nicolae_shop_hallway_plus, minmay_joined_circles, uniq_snorg
D:11:     layout_cave_pods, orc_0_dummy, chequers_serial_rivers_micro_c,
          nrook_mini_vaults, uniq_nergalle, uniq_fannar, uniq_josephine,
          uniq_gastronok, uniq_maurice
D:12:     layout_loops_ring, ebering_ghost_funeral_grove, nicolae_rejected_hall,
          uniq_rupert, uniq_nessos

Skill      XL: |  1  2  3  4  5  6  7  8  9 10 11 12 13 |
---------------+----------------------------------------+-----
Maces & Flails | 4 5 7 8 9 11 14 16 18 | 18.0
Stealth        | 1 |  1.0
Fighting       | 9 15 18 19 | 19.8
Armour         | |  2.4
Dodging        | |  2.1

Action                     |  1- 3 |  4- 6 |  7- 9 | 10-12 | 13-15 || total
---------------------------+-------+-------+-------+-------+-------++-------
  Melee: Mace              |    51 |       |       |       |       ||    51
         Headbutt          |     6 |     6 |    21 |    51 |    15 ||    99
         Morningstar       |     2 |    56 |   150 |   227 |    53 ||   488
         Punch             |       |       |     1 |     1 |       ||     2
  Throw: Throwing net      |       |       |     1 |       |       ||     1
         Stone             |       |       |       |     4 |     4 ||     8
 Invoke: Berserk           |     1 |     1 |     9 |    14 |     3 ||    28
         Trog's Hand       |       |       |     5 |     7 |     3 ||    15
    Use: Scroll            |     4 |     4 |     5 |    11 |     4 ||    28
         Potion            |       |       |     4 |     1 |     2 ||     7
 Armour: Animal skin       |    13 |     8 |     1 |       |       ||    22
         Leather armour    |       |       |    12 |     6 |       ||    18
         Plate armour      |       |       |       |   114 |    48 ||   162
  Dodge: Dodged            |    32 |    34 |    65 |   110 |    16 ||   257
